 Dungeon Crawl Stone Soup version 0.22-a0-281-g2e20325899 (webtiles) character file.

88 NooBeakApe the Skirmisher (level 4, -1/38 HPs)
             Began as a Ghoul Warper on Mar 17, 2018.
             Slain by an orc (2 damage)
             ... on level 2 of the Dungeon.
             The game lasted 00:05:09 (2185 turns).

NooBeakApe the Skirmisher (Ghoul Warper)            Turns: 2185, Time: 00:05:09

Health: -1/38      AC:  3    Str: 14    XL:     4   Next: 54%
Magic:  6/6        EV: 12    Int:  8    God:
Gold:   76         SH:  0    Dex:  9    Spells: 3/7 levels left

rFire    . . .     SeeInvis .   a - +0 falchion
rCold    + . .     Gourm    .   (no shield)
rNeg     + + +     Faith    .   b - +0 leather armour
rPois    ∞         Spirit   .   (no helmet)
rElec    .         Reflect  .   (no cloak)
rCorr    .         Harm     .   (no gloves)
MR       .....                  (no boots)
Stlth    +.........             (no amulet)
HPRegen  0.00/turn              (no ring)
MPRegen  0.10/turn              (no ring)

@: rotting
A: rotting body, claws 1, carnivore, cold resistance 1, negative energy
resistance 3, inhibited regeneration, torment resistance, unbreathing
a: no special abilities


You were on level 2 of the Dungeon.
You were not hungry.

You visited 1 branch of the dungeon, and saw 3 of its levels.

You collected 76 gold pieces.

Inventory:

Hand Weapons
 a - a +0 falchion (weapon)
 k - a +3 hunting sling
Missiles
 e - 5 tomahawks of dispersal (quivered)
 l - 35 stones
Armour
 b - a +0 leather armour (worn)
Wands
 j - a wand of scattershot (6)
Scrolls
 c - a scroll of magic mapping {unknown}
 h - a scroll of remove curse {unknown}
 i - a scroll of identify {unknown}
Potions
 d - a potion of might
 g - a potion of cancellation
 m - a potion of curing {unknown}
Comestibles
 f - 2 rations


   Skills:
 - Level 3.0 Fighting
 * Level 2.7 Long Blades
 + Level 1.1 Throwing
 + Level 2.0 Armour
 - Level 2.0 Dodging
 - Level 2.0 Spellcasting
 + Level 2.8 Translocations


You had 3 spell levels left.
You knew the following spells:

 Your Spells              Type           Power        Failure   Level  Hunger
a - Blink                 Tloc           N/A          21%         2    ###....
b - Shroud of Golubria    Chrm/Tloc      #.........   36%         2    ###....


Dungeon Overview and Level Annotations

Branches:
Dungeon (3/15)

Altars:


Innate Abilities, Weirdness & Mutations

Your body is rotting away.
You thrive on raw meat.
You are immune to poison.
You have sharp fingernails.
You are carnivorous and can eat meat at any time.
Your flesh is cold resistant. (rC+)
You are immune to negative energy. (rN+++)
You do not regenerate when monsters are visible.
You are immune to unholy pain and torment.
You can survive without breathing.


Message History

There is an escape hatch in the ceiling here.
The orc priest looks satisfied for a moment.
The orc hits you.
* * * LOW HITPOINT WARNING * * *
A mysterious force pulls you upwards. The hatch slams shut behind you.
You barely miss the orc. The orc completely misses you.
You hit the orc.
The orc is moderately wounded.
The orc barely misses you.
You hit the orc.
The orc is moderately wounded.
The orc hits you but does no damage.
You hit the orc but do no damage.
The orc is moderately wounded.
The orc hits you.
* * * LOW HITPOINT WARNING * * *
You completely miss the orc.
The orc is moderately wounded.
The orc barely misses you. The orc hits you.
You die...

#.# #.#.#.#.#..###...
#.# #.#..............
#.# #.#.#.#.#.#######
#.# #.#.#.#.#........
#.# #.#.#.#.#########
#.# #.#.#............
#.# ##.#.#.........###
#.# #..#.#............
#.# #@o#.#.#..........
##.###.##.#.######.....
#...............##.....
#######.#.#.###.##.....
#[......#.##.....
###.#.#.#.##.....
#.#............
#.###.......###
#.###.......###


You could see an orc.

Vanquished Creatures
  Terence (D:1)
  An adder (D:1)
  4 dart slugs
  A leopard gecko (D:1)
  5 bats
  3 giant cockroaches
  4 goblins
  3 hobgoblins
  2 jackals (D:1)
  10 kobolds
  A quokka (D:2)
  A ball python (D:2)
  3 frilled lizards
  6 rats
45 creatures vanquished.

Vanquished Creatures (others)
  A hobgoblin (D:1)
  A rat (D:1)
2 creatures vanquished.

Grand Total: 47 creatures vanquished

Notes
Turn   | Place    | Note
-------+----------+-------------------------------------------
     0 | D:1      | NooBeakApe the Ghoul Warper began the quest for the Orb.
     0 | D:1      | Reached XP level 1. HP: 17/17 MP: 2/2
    49 | D:1      | Reached skill level 1 in Throwing
    54 | D:1      | Reached skill level 1 in Armour
    60 | D:1      | Reached XP level 2. HP: 18/25 MP: 3/3
    75 | D:1      | Learned a level 2 spell: Blink
    78 | D:1      | Learned a level 2 spell: Shroud of Golubria
   346 | D:1      | Reached XP level 3. HP: 29/30 MP: 5/5
  1267 | D:2      | Reached XP level 4. HP: 31/37 MP: 6/6
  1470 | D:2      | Noticed Terence
  1801 | D:1      | Killed Terence
  1801 | D:1      | Reached skill level 3 in Fighting
  2184 | D:2      | HP: 1/38 [orc (4)]
  2185 | D:2      | Slain by an orc

Vault maps used:
D:1:      shiori_arrival_oz
D:2:      st_stairs_3, uniq_terence
D:3:      kennysheep_path_1

Skill      XL: |  1  2  3  4 |
---------------+-------------+-----
Throwing       | 1 |  1.1
Armour         | 1 2 |  2.0
Long Blades    | 2 |  2.7
Dodging        | 2 |  2.0
Spellcasting   | 2 |  2.0
Fighting       | 3 |  3.0
Translocations | |  2.8

Action                   |  1- 3 |  4- 6 || total
-------------------------+-------+-------++-------
Melee: Falchion          |   107 |    25 ||   132
 Fire: Hunting sling     |       |    10 ||    10
 Cast: Shroud of Golubri |     2 |       ||     2
       Blink             |       |     4 ||     4
  Use: Potion            |       |     2 ||     2
       Scroll            |       |     1 ||     1
  Eat: Chunk             |    18 |     6 ||    24
Armor: Leather armour    |    31 |     6 ||    37
Dodge: Dodged            |    97 |    21 ||   118
       Rpst.: Falchion   |    19 |     5 ||    24

Table legend:
 A = Spawn XP
 B = Non-spawn XP
 C = Spawn XP percentage of total XP
 D = Spawn monster count
 E = Non-spawn monster count
 F = Spawn count percentage of total count
 G = Total turns spent on level
                    A         B        C        D         E        F      G
               +---------+---------+-------+---------+---------+-------+---------
         Total |       0 |     127 |   0.0 |       0 |      45 |   0.0 |  2185
               +---------+---------+-------+---------+---------+-------+---------
           D:1 |       0 |      96 |   0.0 |       0 |      26 |   0.0 |  1140
           D:2 |       0 |      28 |   0.0 |       0 |      17 |   0.0 |   941
           D:3 |       0 |       3 |   0.0 |       0 |       2 |   0.0 |   104
               +---------+---------+-------+---------+---------+-------+---------
